 Dungeon Crawl Stone Soup version 0.20-a0-307-gd0bf4df (webtiles) character file.

77 PurpleRed the Insei (level 4, 0/33 HPs)
             Began as a Merfolk Transmuter on Dec 18, 2016.
             Slain by Natasha (5 damage)
             ... on level 3 of the Dungeon.
             The game lasted 00:06:27 (2784 turns).

PurpleRed the Insei (Merfolk Transmuter)            Turns: 2784, Time: 00:06:28

Health: 0/33       AC:  2    Str: 11    XL:     4   Next: 34%
Magic:  7/7        EV: 12    Int: 12    God:
Gold:   86         SH:  0    Dex: 14    Spells: 6/7 levels left

rFire  . . .     SeeInvis .       - Unarmed
rCold  . . .     Gourm    .     b - +0 robe
rNeg   . . .     Faith    .     (no shield)
rPois  .         Spirit   .     r - +0 hat
rElec  .         Reflect  .     (no cloak)
rCorr  .         Harm     .     (no gloves)
MR     .....                    (no boots)
Stlth  +.........               (no amulet)
                                (no ring)
                                (no ring)

@: drained
A: change form in water, swift swim, stealthy swim
a: no special abilities


You were on level 3 of the Dungeon.
You were not hungry.

You visited 1 branch of the dungeon, and saw 3 of its levels.

You collected 86 gold pieces.

Inventory:

Missiles
 a - 43 arrows
Armour
 b - a +0 robe (worn)
 r - a +0 hat (worn)
Scrolls
 l - a scroll of enchant weapon
Potions
 e - 2 potions of ambrosia
 h - a potion of invisibility
 i - 3 potions of curing
 k - a potion of agility
 m - a potion of berserk rage {unknown}
 p - a potion of flight {unknown}
Books
 c - a book of Changes

   Spells                             Type                      Level
   a - Beastly Appendage              Transmutation                1
   b - Sticks to Snakes               Transmutation                2
   c - Spider Form                    Transmutation/Poison         3
   d - Ice Form                       Ice/Transmutation            4
   e - Blade Hands                    Transmutation                5
Comestibles
 d - 3 bread rations
 f - a meat ration
 g - a beef jerky
 o - 2 fruits


   Skills:
 + Level 2.2(1.2) Fighting
 - Level 2.6(1.6) Dodging
 * Level 4.7(3.7) Unarmed Combat
 - Level 2.0(1.0) Spellcasting
 + Level 3.4(2.4) Transmutations


You had 6 spell levels left.
You knew the following spells:

 Your Spells              Type           Power        Failure   Level  Hunger
a - Beastly Appendage     Tmut           #.....       12%         1    ##.....


Dungeon Overview and Level Annotations

Branches:
Dungeon (3/15)

Altars:
Fedhas
Hepliaklqana

Annotations:
D:3 Natasha


Message History

You barely miss Natasha.
Natasha is heavily wounded.
Your horns disappear.
The crimson imp blinks!
Natasha closely misses you.
You barely miss Natasha.
Natasha is heavily wounded.
Natasha misses you.
You completely miss Natasha.
Natasha is heavily wounded.
Natasha closely misses you.
You hit Natasha.
Natasha is severely wounded.
Natasha mumbles some strange words.
You closely miss Natasha.
Natasha is severely wounded.
The white imp hits you. The white imp freezes you.
* * * LOW HITPOINT WARNING * * *
Natasha hisses.
Natasha claws you.
You die...

#... .....# ### ## . ##. #
h. ##.. ###.#### ... #...
#......# #...... #...
#.##.# #..h... #.<.
#.##@###...... ##.# #
#..5.h5....... #.##
#.#.##..###.#### ##.#
#####.#.##..# #.# ##.
............###.###########
######.###........#......#
#.# #####)##.#.####.# #.#
#.##.#.###..#
#.#######.##.#.##....


You could see Natasha, a crimson imp and a white imp.

Vanquished Creatures
  Robin (D:2)
  An adder (D:2)
  2 dart slugs
  A leopard gecko (D:1)
  4 giant cockroaches (D:2)
  9 goblins
  4 hobgoblins
  6 jackals (D:2)
  2 ball pythons (D:1)
  4 bats
  2 frilled lizards (D:2)
  8 kobolds
  7 rats
51 creatures vanquished.

Notes
Turn   | Place    | Note
-------+----------+-------------------------------------------
     0 | D:1      | PurpleRed the Merfolk Transmuter began the quest for the Orb.
     0 | D:1      | Reached XP level 1. HP: 15/15 MP: 3/3
   430 | D:1      | Reached XP level 2. HP: 21/21 MP: 3/5
  1112 | D:2      | Reached skill level 4 in Unarmed Combat
  1146 | D:2      | Reached XP level 3. HP: 22/27 MP: 4/6
  1853 | D:2      | Found a hazy altar of Hepliaklqana.
  1889 | D:2      | Found a blossoming altar of Fedhas.
  2115 | D:2      | Reached XP level 4. HP: 16/33 MP: 3/7
  2121 | D:2      | Noticed Robin
  2142 | D:2      | Killed Robin
  2760 | D:3      | Noticed Natasha
  2784 | D:3      | Slain by Natasha

Vault maps used:
D:1:      erik_arrival_triangle_huge, minmay_tetromino_o2
D:2:      lemuel_doored_altar, lemuel_crystal_altar, uniq_robin
D:3:      minmay_wonky_spiral, first_bread, uniq_natasha

Skill      XL: |  1  2  3 |
---------------+----------+-----
Transmutations | 3 |  3.4
Unarmed Combat | 4 |  4.7
Fighting       | 2 |  2.2
Dodging        | |  2.6
Spellcasting   | |  2.0

Action                   |  1- 3 |  4- 6 || total
-------------------------+-------+-------++-------
Melee: Unarmed           |   169 |    51 ||   220
       Headbutt          |    15 |     4 ||    19
       Punch             |     1 |       ||     1
 Cast: Beastly Appendage |    31 |     5 ||    36
  Use: Scroll            |       |     4 ||     4
       Potion            |       |     1 ||     1
 Stab: Sleeping          |     2 |     1 ||     3
  Eat: Chunk             |     5 |     3 ||     8
Armor: Robe              |    25 |     4 ||    29
Dodge: Dodged            |   105 |    31 ||   136
